 Dungeon Crawl Stone Soup version 0.24.0-1-gfbc8707122 (webtiles) character file.

Game seed: 2935866283758061095, levelgen mode: deterministic

181 Aviak the Conjurer (level 5, 0/38 HPs)
             Began as a Draconian Conjurer on Oct 26, 2019.
             Slain by an iguana (15 damage)
             ... on level 4 of the Dungeon.
             The game lasted 00:07:02 (3481 turns).

Aviak the Conjurer (Draconian Conjurer)             Turns: 3481, Time: 00:07:03

Health: 0/38       AC:  5    Str: 10    XL:     5   Next: 34%
Magic:  2/10       EV: 19    Int: 16    God:
Gold:   95         SH:  0    Dex: 17    Spells: 7/10 levels left

rFire    . . .     SeeInvis .   a - +0 short sword
rCold    . . .     Gourm    .   (no shield)
rNeg     . . .     Faith    .   (armour unavailable)
rPois    .         Spirit   .   (helmet restricted)
rElec    .         Reflect  .   (no cloak)
rCorr    .         Harm     .   (no gloves)
MR       .....                  (no boots)
Stlth    +++.......             (no amulet)
HPRegen  0.12/turn              (no ring)
MPRegen  0.12/turn              (no ring)

@: agile
A: unfitting armour, cold-blooded, AC +5
a: no special abilities


You were on level 4 of the Dungeon.
You were not hungry.

You visited 1 branch of the dungeon, and saw 4 of its levels.

You collected 95 gold pieces.

Inventory:

Hand Weapons
 a - a +0 short sword (weapon)
 d - a +0 dagger
Jewellery
 p - a cursed amulet of inaccuracy {unknown}
Wands
 t - a wand of enslavement (9)
Scrolls
 e - 2 scrolls of enchant weapon {unknown}
 f - 3 scrolls of teleportation {unknown}
 g - a scroll of fear {unknown}
 h - a scroll of enchant armour {unknown}
 j - 4 scrolls of identify {unknown}
 l - 3 scrolls of remove curse {unknown}
 m - a scroll of magic mapping {unknown}
 n - a scroll of amnesia {unknown}
 o - a scroll of noise {unknown}
 s - a scroll of fog {unknown}
Potions
 q - a potion of flight {unknown}
Comestibles
 b - 7 rations
 r - a chunk of flesh


   Skills:
 + Level 3.2 Dodging
 - Level 1.7 Stealth
 + Level 3.3 Spellcasting
 + Level 5.0 Conjurations


You had 7 spell levels left.
You knew the following spells:

 Your Spells              Type           Power        Failure   Level  Hunger
a - Magic Dart            Conj           ###.         2%          1    None
b - Searing Ray           Conj           ###...       3%          2    ##.....

Your spell library contained the following spells:

 Spells                   Type           Power        Failure   Level  Hunger
 Dazzling Spray           Conj/Hex       ##....       19%         3    ###....
 Iskenderun's Mystic Bla  Conj           ###.....     22%         4    ####...
 Force Lance              Conj/Tloc      ##......     54%         4    ####...
 Fulminant Prism          Conj/Hex       ##........   54%         4    ####...


Dungeon Overview and Level Annotations

Branches:
Dungeon (4/15)
 Temple: D:4-7

Altars:
The Shining One

Annotations:
D:4 Robin


Innate Abilities, Weirdness & Mutations

Your plain brown scales are hard. (AC +5)
You cannot fit into any form of body armour.
You are cold-blooded and may be slowed by cold attacks.


Message History

The iguana is lightly wounded. (Press . to maintain the ray.)
The iguana closely misses you.
The searing ray hits the iguana but does no damage.
The iguana is lightly wounded.
The iguana closely misses you.
The searing ray misses the iguana.
The searing ray hits the hobgoblin!
You kill the hobgoblin!
The iguana bites you but does no damage.
The searing ray hits the iguana!
The iguana is severely wounded.
You finish channeling your searing ray.
The iguana barely misses you. The iguana completely misses you.
You closely miss the iguana.
The iguana is severely wounded.
The iguana completely misses you.
You hit the iguana but do no damage.
The iguana is severely wounded.
The iguana bites you!
You die...

.........................
.................#.#.#.#.
.......................รท.
...........g.....#.#.#.#.
+##....#######..........
+....# #..#.#.#.#. #...)+
#.....?#### #...l#+##
#......# ####.@..#
#####g... #....# #....
+....# #....# #.....
#.....# #.....# #.....#


You could see an iguana.

Vanquished Creatures
  A howler monkey (D:4)
  An orc priest (D:3)
  3 adders
  An ooze (D:3)
  2 dart slugs (D:1)
  A leopard gecko (D:1)
  7 orcs
  6 giant cockroaches
  8 goblins
  11 hobgoblins
  2 ball pythons
  8 bats
  4 frilled lizards
  10 kobolds
  4 rats
69 creatures vanquished.

Notes
Turn   | Place    | Note
-------+----------+-------------------------------------------
     0 | D:1      | Aviak the Draconian Conjurer began the quest for the Orb.
     0 | D:1      | Reached XP level 1. HP: 14/14 MP: 3/3
   618 | D:1      | Reached XP level 2. HP: 20/20 MP: 0/5
   632 | D:1      | Learned a level 2 spell: Searing Ray
  1481 | D:2      | Reached XP level 3. HP: 26/26 MP: 3/6
  2363 | D:3      | Reached XP level 4. HP: 24/33 MP: 0/8
  2816 | D:3      | Found a glowing golden altar of the Shining One.
  3267 | D:3      | Reached XP level 5. HP: 38/38 MP: 9/9
  3431 | D:4      | Reached skill level 5 in Conjurations
  3450 | D:4      | Noticed Robin
  3481 | D:4      | Slain by an iguana

Levels and vault maps discovered:
D:1:      evilmike_arrival_rings, layout_basic
D:2:      layout_loops_cross, guppyfry_early_orc_mine
D:3:      layout_loops_ring, old_standard_altar, first_ration
D:4:      layout_gridville, kiku_gazebo_pond_becter, st_stairs_10, uniq_robin,
          uniq_crazy_yiuf_cottage

Skill      XL: |  1  2  3  4  5 |
---------------+----------------+-----
Dodging        | 2 3 |  3.2
Spellcasting   | 3 |  3.3
Conjurations   | 5 |  5.0
Stealth        | |  1.7

Action                   |  1- 3 |  4- 6 || total
-------------------------+-------+-------++-------
Melee: Dagger            |    12 |       ||    12
       Short sword       |   108 |    87 ||   195
       Tailslap          |    13 |     7 ||    20
 Cast: Magic Dart        |    20 |     2 ||    22
       Searing Ray       |     6 |     6 ||    12
  Use: Potion            |     3 |     4 ||     7
 Stab: Sleeping          |     3 |     2 ||     5
  Eat: Ration            |     1 |       ||     1
       Chunk             |     2 |     4 ||     6
Armor: Skin              |    43 |    26 ||    69
Dodge: Dodged            |   105 |    98 ||   203
